 Dungeon Crawl Stone Soup version 0.29.0-5-ge4962eb29e (webtiles) character file.

Game seed: 7760995766727163449

115 Arum the Trooper (level 5, 0/41 (43) HPs)
             Began as a Formicid Fighter on Aug 29, 2022.
             Slain by a gnoll
             ... wielding a +0 halberd
              (7 damage)
             ... on level 2 of the Dungeon.
             The game lasted 00:01:33 (1881 turns).

Arum the Trooper (Formicid Fighter)                 Turns: 1881, Time: 00:01:34

HP:   0/41 (43)     AC: 11    Str: 23    XL:     5   Next: 20%
MP:   5/5           EV:  6    Int:  7    God:
Gold: 115           SH:  5    Dex: 13    Spells: 4/4 levels left

rFire   . . .      SeeInvis +   a - +0 war axe
rCold   . . .      Faith    .   c - +0 buckler
rNeg    . . .      Spirit   .   g - +0 plate armour
rPois   .          Reflect  .   (helmet unavailable)
rElec   .          Harm     .   (no cloak)
rCorr   .          Rampage  .   (no gloves)
Will    .....                   (no boots)
Stlth   ..........              (no amulet)
HPRegen 0.13/turn               (no ring)
MPRegen 0.09/turn               (no ring)

@: mighty, lightly drained
A: permanent stasis, dig shafts and tunnels, antennae 3, four strong arms
a: Dig, Shaft Self


You were on level 2 of the Dungeon.
You visited 1 branch of the dungeon, and saw 2 of its levels.

You collected 115 gold pieces.

Inventory:

Hand Weapons
 a - a +0 war axe (weapon)
Armour
 c - a +0 buckler (worn)
 g - a +0 plate armour (worn)
Scrolls
 b - a scroll of identify {unknown}
 f - a scroll of fog {unknown}
 h - 2 scrolls of amnesia {unknown}
 j - a scroll of vulnerability {unknown}
 l - a scroll of blinking {unknown}
Potions
 e - a potion of cancellation {unknown}
 i - a potion of curing
 k - a potion of magic {unknown}


   Skills:
 + Level 4.4 Fighting
 + Level 3.2 Axes
 + Level 4.3 Armour
 - Level 4.0 Shields


You had 4 spell levels left.
You didn't know any spells.
Your spell library was empty.

Dungeon Overview and Level Annotations

Branches:
Dungeon (2/15)

Altars:
Ashenzari


Innate Abilities, Weirdness & Mutations

You cannot be hasted, slowed, berserked, paralysed or teleported.
You can dig through walls and to a lower floor.
You have a pair of large antennae on your head. (SInv)
Your four strong arms can wield two-handed weapons with a shield.


Message History

The gnoll hits you from afar with a +0 halberd!
You barely miss the gnoll.
The gnoll hits you from afar with a +0 halberd.
The gnoll completely misses you. The gnoll hits you but does no damage.
The gnoll closely misses you.
You are too injured to fight recklessly!
You are too injured to fight recklessly!
You are too injured to fight recklessly!
You are too injured to fight recklessly!
You are too injured to fight recklessly!
You are too injured to fight recklessly!
You are too injured to fight recklessly!
You are too injured to fight recklessly!
You are too injured to fight recklessly!
You are too injured to fight recklessly!
You are too injured to fight recklessly!
You are too injured to fight recklessly!
You are too injured to fight recklessly!
You are too injured to fight recklessly!
Unknown command.
It was a potion of curing.
You feel better. The gnoll hits you but does no damage.
The gnoll hits you from afar with a +0 halberd!
You feel very mighty all of a sudden. The gnoll hits you with a +0 flail.
You block the gnoll's attack. The gnoll attacks as you move away!
The gnoll completely misses you.
You are too injured to fight recklessly!
You extend your mandibles.
You dig through the rock wall.
You feel drained.
You dig through the rock wall.
You feel drained.
You retract your mandibles.
You slash the gnoll!
The gnoll is severely wounded.
The gnoll closely misses you.
You hit the gnoll.
You kill the gnoll!
You barely miss the gnoll. The gnoll hits you with a +0 halberd!
* * * LOW HITPOINT WARNING * * *
You block the gnoll's attack.
You completely miss the gnoll. The gnoll hits you with a +0 halberd!
You die...

#......#.# #.#
#......#)# #.#
....####.# #.#
....## #.# #.#
.....# #.#
#.#### .....#
#.# #.##.#
.....###.#
#.##.#
........>#
###.##.#
#.######.###
#@#{g..#
..........<#
##g###.#
#.##......## ###
#.# #.##......#
#g# #.##......#
#g#
#.######.#######
#.# #.#
#........ ...
#.# #.#######
#.# #.# #.# #.#


You could see a gnoll.

Vanquished Creatures
  An orc wizard (D:2)
  A gnoll (D:2)
  3 adders (D:2)
  A worm (D:2)
  2 orcs (D:2)
  3 ball pythons
  3 bats
  4 endoplasms
  A giant cockroach (D:1)
  4 hobgoblins
  3 jackals (D:2)
  6 kobolds
  2 quokkas (D:1)
  4 frilled lizards
  5 goblins
  2 rats
45 creatures vanquished.

Notes
Turn   | Place    | Note
-------+----------+-------------------------------------------
     0 | D:1      | Arum the Formicid Fighter began the quest for the Orb.
     0 | D:1      | Reached XP level 1. HP: 18/18 MP: 1/1
    84 | D:1      | Reached XP level 2. HP: 13/24 MP: 2/2
   630 | D:1      | Reached XP level 3. HP: 23/30 MP: 3/3
   697 | D:1      | Found a faded altar of an unknown god.
  1143 | D:2      | Found a broken altar of Ashenzari.
  1154 | D:2      | Reached XP level 4. HP: 34/37 MP: 4/4
  1704 | D:2      | Reached XP level 5. HP: 43/43 MP: 5/5
  1881 | D:2      | Slain by a gnoll

Illustrated notes

Levels and vault maps discovered:
D:1:      lightli_arrival_flooded_house, layout_basic,
          shapermc_ecumenical_altar_pompeii
D:2:      layout_basic, serial_forest, infiniplex_forest_lined_room_2,
          infiniplex_forest_straight_3, infiniplex_forest_diagonal,
          infiniplex_forest_side_room, infiniplex_forest_clump_tiny, basic_altar

Skill      XL: |  1  2  3  4 |
---------------+-------------+-----
Fighting       | 4 |  4.4
Armour         | 4 |  4.3
Axes           | 3 |  3.2
Shields        | |  4.0

Action                   |  1- 3 |  4- 6 || total
-------------------------+-------+-------++-------
Melee: War axe           |    75 |    37 ||   112
 Abil: Dig               |       |     1 ||     1
  Use: Potion            |       |     2 ||     2
Armor: Scale mail        |    21 |       ||    21
       Plate armour      |    27 |    19 ||    46
Dodge: Dodged            |    31 |    10 ||    41
Block: Buckler           |    22 |    10 ||    32
